 Dungeon Crawl Stone Soup version 0.30-a0-29-g142975f185 (webtiles) character file.

Game seed: 14495257561618430694

50 frimble the Gusty (level 3, -10/24 HPs)
             Began as a Demonspawn Air Elementalist on Aug 26, 2022.
             Mangled by an iguana (11 damage)
             ... on level 4 of the Dungeon.
             The game lasted 00:02:57 (3061 turns).

frimble the Gusty (Demonspawn Air Elementalist)     Turns: 3061, Time: 00:02:57

Health: -10/24     AC:  6    Str: 10    XL:     3   Next: 55%
Magic:  15/15      EV: 10    Int: 16    God:
Gold:   77         SH:  0    Dex: 13    Spells: 5/6 levels left

rFire   . . .      SeeInvis .    e - +0 rapier
rCold   . . .      Faith    .    (no shield)
rNeg    . . .      Spirit   .    k - +0 scale mail
rPois   .          Reflect  .    (no helmet)
rElec   .          Harm     .    g - scarf {+Inv}
rCorr   .          Rampage  .    (no gloves)
Will    .....                    (no boots)
Stlth   +.........               (no amulet)
HPRegen 0.08/turn                d - ring of magical power
MPRegen 0.14/turn                (no ring)

@: flying, hasted, very quick
A: sturdy frame 1
a: Evoke Invisibility


You were on level 4 of the Dungeon.
You visited 1 branch of the dungeon, and saw 4 of its levels.

You collected 77 gold pieces.

Inventory:

Hand Weapons
 e - a +0 rapier (weapon)
Missiles
 n - 13 stones
Armour
 a - a +0 robe
 g - a scarf of invisibility (worn)
 k - a +0 scale mail (worn)
Jewellery
 d - a ring of magical power (left hand)
 i - a ring of ice
Scrolls
 c - a scroll of identify
 f - a scroll of butterflies
 h - a scroll of enchant weapon
Potions
 b - a potion of magic
 m - a potion of curing


   Skills:
 + Level 0.1 Fighting
 - Level 1.6 Short Blades
 - Level 1.0 Armour
 - Level 1.8 Dodging
 - Level 1.8 Stealth
 - Level 2.0 Spellcasting
 - Level 1.9 Conjurations
 - Level 2.7 Air Magic
 - Level 0.8 Evocations


You had 5 spell levels left.
You knew the following spells:

 Your Spells              Type           Power      Damage    Failure   Level
a - Shock                 Conj/Air       36%        1d5       28%         1

Your spell library contained the following spells:

 Spells                   Type           Power      Damage    Failure   Level
 Static Discharge         Conj/Air       18%        3-5/arc   38%         2
 Swiftness                Air            10%        N/A       56%         3
 Ensorcelled Hibernation  Hex/Ice        2%         N/A       71%         2
 Passwall                 Tmut/Erth      0%         N/A       71%         2
 Mephitic Cloud           Conj/Pois/Air  6%         N/A       75%         3
 Ignite Poison            Fire/Tmut/Pois 1%         N/A       91%         3
 Airstrike                Air            5%         2d(1-17)  93%         4
 Anguish                  Hex/Necr       0%         N/A       100%        4
 Freezing Cloud           Conj/Ice/Air   3%         6-21      100%        5
 Enfeeble                 Hex            0%         N/A       100%        7


Dungeon Overview and Level Annotations

Branches:
Dungeon (4/15)
 Temple: D:4-7

Altars:


Innate Abilities, Weirdness & Mutations

Your movements are slightly less encumbered by armour. (ER -2)


Message History

You hit the ball python.
You kill the ball python!
You closely miss the kobold. The kobold hits you but does no damage.
You miss the kobold.
The kobold hits you with a +0 short sword.
You hit the kobold.
You kill the kobold!
You hit the iguana but do no damage.
The iguana bites you but does no damage.
You hit the iguana.
The iguana is lightly wounded.
The iguana bites you.
You closely miss the iguana.
The iguana is lightly wounded.
The iguana barely misses you.
You hit the iguana but do no damage.
The iguana is lightly wounded.
The iguana bites you!
Ouch! That really hurt!
You barely miss the iguana.
The iguana is lightly wounded.
The iguana closely misses you. The iguana bites you!
* * * LOW HITPOINT WARNING * * *
You hit the iguana but do no damage.
The iguana is lightly wounded.
The iguana bites you but does no damage.
You hit the iguana.
The iguana is lightly wounded.
A goblin comes into view. It is wielding a +0 dagger.
The iguana barely misses you.
Okay, then.
Unknown command.
You aren't carrying any items that you can evoke.
It was a potion of flight.
You feel very buoyant.
You fly up into the air.
The iguana misses you.
You feel yourself speed up.
The goblin shouts!
The iguana bites you!
You die...

############
..........
####.#...... ##
#####.....?.#.! ..
......#...#.#.# .#.#
............#.#....#.
.......<...†l@.......
........g..######.##.
....$..........
....#........... ...
############ .. .


You could see an iguana and a goblin.

Vanquished Creatures
  An adder (D:2)
  3 endoplasms
  A giant cockroach (D:1)
  3 goblins
  2 hobgoblins
  3 jackals (D:2)
  3 quokkas
  3 ball pythons
  4 bats
  7 frilled lizards
  8 kobolds
  3 rats (D:2)
41 creatures vanquished.

Notes
Turn   | Place    | Note
-------+----------+-------------------------------------------
     0 | D:1      | frimble the Demonspawn Air Elementalist began the quest for
                  | the Orb.
     0 | D:1      | Reached XP level 1. HP: 13/13 MP: 3/3
   286 | D:1      | Found a faded altar of an unknown god.
   565 | D:1      | Gained mutation: Your movements are slightly less
                  | encumbered by armour. (ER -2) [demonic ancestry]
   565 | D:1      | Reached XP level 2. HP: 11/19 MP: 5/5
  1573 | D:2      | Reached skill level 1 in Short Blades
  1807 | D:2      | Reached XP level 3. HP: 11/24 MP: 6/6
  2994 | D:3      | Reached skill level 1 in Armour
  3057 | D:4      | HP: 1/24 [iguana (9)]
  3061 | D:4      | Mangled by an iguana

Illustrated notes

Levels and vault maps discovered:
D:1:      heliophobic_arrival_ceremonial_halls, layout_basic,
          hellmonk_ecumenical_altar_pennies_from_heaven, lemuel_old_faithful
D:2:      layout_basic, minmay_tromino_v4_c
D:3:      layout_rooms, moated_statue, uniq_crazy_yiuf_cottage, uniq_sigmund,
          uniq_natasha
D:4:      minmay_octagon_keep, layout_basic, okawaru_altar_gauntlet_db,
          minmay_temple_entry_overgrown, minmay_shop_damaged

Skill      XL: |  1  2  3 |
---------------+----------+-----
Short Blades   | 1 |  1.6
Armour         | 1 |  1.0
Fighting       | |  0.1
Dodging        | |  1.8
Stealth        | |  1.8
Spellcasting   | |  2.0
Conjurations   | |  1.9
Air Magic      | |  2.7
Evocations     | |  0.8

Action                   || total
-------------------------++-------
Melee: Dagger            ||    29
       Short sword       ||   107
       Rapier            ||    19
       Punch             ||     1
 Cast: Shock             ||    15
  Use: Scroll            ||     4
       Potion            ||     2
 Stab: Sleeping          ||     1
Armor: Robe              ||     8
       Scale mail        ||    66
Dodge: Dodged            ||    92

Table legend: (Time is in decaauts)
 A = Elapsed time spent in this place.
 B = Non-inter-level travel time spent in this place.
 C = Inter-level travel time spent in this place.
 D = Time resting spent in this place.
 E = Time spent auto-exploring this place.
 F = Levels seen in this place.
 G = Mean time per level.
                   A        B        C        D        E       F      G
               +--------+--------+--------+--------+--------+-----+--------+
         Total |   3066 |   2835 |    231 |    127 |   2337 |   4 |  766.5 |
       Dungeon |   3066 |   2835 |    231 |    127 |   2337 |   4 |  766.5 |
               +--------+--------+--------+--------+--------+-----+--------+

Top non-repeatable levels by time:
     D:1: 1535 daAuts
     D:2: 1443 daAuts
     D:3: 64 daAuts
     D:4: 22 daAuts
